nht, chaotic female elven Wizard ------ --- --------- |..<)| |. ....... |..@.| |.----- ----.....- ----- |....| |.|...| |%%|.....+ |(((| |....| |.|%)%| |%%|.....| |]((| |....| |.|)(.| |..|.....| |... --.--- #..|...| -|--.....----|---+--- | # ##|.--|---+--.........%...........| # # |.............{......{..........| # ### |.--|---+--....--%---...........| # # |.|...| ----.|.[..|.-----+--- | # # |.|I((| +.|....|.+ --|-------# |.|(((| |.|.._.|.| |........|# |.|(.(| |.|....|.| |.......*-# |.----- -.------.- |........| |. . . ---------- --- --- --- nht the Thaumaturge Experience level: 6 Strength: 8 Dexterity: 14 Constitution: 15 Intelligence: 20 Wisdom: 10 Charisma: 10 Health: 0(35) Energy: 63(72) Def: 3 Gold: 712 Moves: 1526 Dungeon seed: -fqVeoIzhR3gr0iG Game ID: nht_1433150530 Your Inventory: Coins $ - 712 gold pieces Weapons a - a blessed +1 quarterstaff (weapon in hands) Armor e - an uncursed +0 cloak of magic resistance Comestibles L - an uncursed lembas wafer Scrolls j - a blessed scroll of charging k - an uncursed scroll of light t - a blessed scroll of confuse monster u - an uncursed scroll of stinking cloud w - an uncursed scroll of enchant weapon A - an uncursed scroll of enchant armor F - 3 uncursed scrolls of identify G - an uncursed scroll of magic mapping H - a blessed scroll of light R - an uncursed scroll of taming W - a blessed scroll of amnesia X - an uncursed scroll of create monster Spellbooks m - a blessed spellbook of blank paper Potions z - 2 uncursed potions of gain level Rings c - an uncursed ring of conflict d - an uncursed +3 ring of protection (on left hand) Wands E - a wand of make invisible (0:4) P - a wand of striking (0:7) Tools b - a magic marker (0:44) o - a bag of tricks (0:9) p - an uncursed wooden harp v - an uncursed skeleton key x - a +0 pick-axe B - a can of grease (0:25) V - a bag of tricks (0:7) Z - 4 uncursed tallow candles (0:200) Gems r - an uncursed worthless piece of green glass y - 2 uncursed worthless pieces of orange glass N - 2 uncursed worthless pieces of yellow glass Y - an uncursed fluorite stone Spells known in the end: Name Level Category Fail Memory a - force bolt 1 attack 0% 93% b - magic missile 2 attack 0% 93% c - light 1 divination 0% 93% d - detect monsters 1 divination 0% 93% e - sleep 1 enchantment 0% 94% f - dig 5 matter 100% 95% Your skills at the end: Fighting Skills Weapon Skills quarterstaff [Basic] Spellcasting Skills attack spells [Basic] enchantment spells [Basic] Final Attributes: You were devoutly aligned. You were sleep resistant. You had woundedlegs. You had infravision. You were protected. You were lucky. You are dead. Vanquished creatures: a shopkeeper 2 small mimics 2 gnome lords a gnomish wizard a little dog 6 dwarves a brown mold 6 gnomes 3 geckos 10 jackals 2 foxen a goblin a sewer rat a grid bug 2 newts 40 creatures vanquished. Voluntary challenges: You followed a strict vegan diet. You used a wielded weapon 61 times, starting on turn 175. You read items or engraved 39 times, starting on turn 58. You never genocided any monsters. You never polymorphed an object. You never changed form. You used no wishes. You never split a pudding. You never wrote Elbereth's name. You violated your moral code, losing 6 points of alignment, starting on turn 237. You disabled loading bones files. Dungeon overview: The Dungeons of Doom: levels 1 to 4 Level 1 a long staircase Level 2 a general store Level 3 a fountain stairs to The Gnomish Mines Level 4 a fountain The Gnomish Mines: levels 4 to 6 Level 4 stairs to The Dungeons of Doom Level 5 Level 6 <- You were here many shops, a temple to Thoth, some fountains History has recorded: On T:1 you entered the Dungeons of Doom to retrieve the Amulet of Yendor! On T:16 you reached level 2 of The Dungeons of Doom. On T:101 you reached level 3 of The Dungeons of Doom. On T:190 you advanced to experience level 2. On T:199 you advanced to experience level 3. On T:240 you advanced to experience level 4. On T:244 you advanced to experience level 5. On T:372 you reached level 4 of The Dungeons of Doom. On T:801 you reached level 1 of The Gnomish Mines. On T:906 you reached level 2 of The Gnomish Mines. On T:913 you reached level 3 of The Gnomish Mines. On T:1024 you advanced to experience level 6. Score breakdown: Gold: 712 ( 9705 points) Experience: 6 levels (12456 points) Exploration: 6 levels ( 11.54%) ( 9393 points) Discoveries: 17 items ( 6.16%) ( 7445 points) Valuables value: (no points given unless you survive) Artifact value: 0 ( 0 points) Variety of kills: 15 monsters ( 3.96%) ( 5968 points) Time penalty: 1526 turns ( 0 points) Survival: died (score multiplied by 80%) Total score: 35973 Latest messages: X - an uncursed scroll called xxx2. H - a blessed scroll of light. u - an uncursed scroll of stinking cloud. s - an uncursed potion called em15. Q - an uncursed potion called gold3. P - an uncursed wand of striking. V - an uncursed bag of tricks. o - an uncursed bag of tricks. B - an uncursed can of grease. Z - 4 uncursed candles. v - an uncursed key. Y - an uncursed green gem. r - an uncursed green gem. y - 2 uncursed orange gems. N - 2 uncursed yellow gems. A green gem lands on the altar. You have a little trouble lifting z - an uncursed potion of gain level (unpaid, 400 zorkmids). "For you, most gracious lady; only 66 for this potion of sickness." You have a little trouble lifting g - an uncursed potion of sickness (unpaid, 66 zorkmids). "For you, most gracious lady; only 266 for this potion of speed." You have a little trouble lifting f - an uncursed potion of speed (unpaid, 266 zorkmids). "For you, esteemed lady; only 400 for this ring of conflict." Thump! Ouch! That hurts! You die... Final status: Goodbye nht the Wizard, killed by kicking Trollsbane... You died in The Gnomish Mines on dungeon level 6 with 35973 points, and 712 pieces of gold, after 1526 moves. You were level 6 with a maximum of 35 hit points when you died.